 Dungeon Crawl Stone Soup version 0.21.1-1-g345015f (webtiles) character file.

214 grindst0ne the Skirmisher (level 6, 0/52 HPs)
             Began as a Formicid Hunter on Mar 3, 2018.
             Was an Initiate of the Shining One.
             Slain by a gnoll
             ... wielding a +0 flail
              (3 damage)
             ... on level 3 of the Dungeon.
             The game lasted 00:04:47 (2278 turns).

grindst0ne the Skirmisher (Formicid Hunter)         Turns: 2278, Time: 00:04:48

Health: 0/52       AC:  3    Str: 22    XL:     6   Next: 14%
Magic:  6/6        EV: 12    Int: 12    God:    the Shining One [......]
Gold:   85         SH:  0    Dex: 11    Spells: 5/5 levels left

rFire    . . .     SeeInvis +   i - +0 hand axe
rCold    . . .     Gourm    .   (no shield)
rNeg     . . .     Faith    .   b - +0 leather armour
rPois    .         Spirit   .   (helmet unavailable)
rElec    .         Reflect  .   (no cloak)
rCorr    .         Harm     .   (no gloves)
MR       .....                  (no boots)
Stlth    +.........             (no amulet)
HPRegen  0.17/turn              (no ring)
MPRegen  0.10/turn              h - ring of stealth

@: mighty, lethally poisoned (0 -> -5), glowing
A: permanent stasis, dig shafts and tunnels, four strong arms, antennae 3
a: Dig, Shaft Self, Renounce Religion


You were on level 3 of the Dungeon.
You worshipped the Shining One.
The Shining One was noncommittal.
You were not hungry.

You visited 1 branch of the dungeon, and saw 3 of its levels.

You collected 85 gold pieces.

Inventory:

Hand Weapons
 i - a +0 hand axe (weapon)
Armour
 b - a +0 leather armour (worn)
Jewellery
 g - an uncursed ring of fire
 h - a ring of stealth (right hand)
Wands
 a - a wand of polymorph (13)
Scrolls
 e - 3 scrolls of remove curse {unknown}
 j - 5 scrolls of identify {unknown}
 k - a scroll of magic mapping {unknown}
 l - a scroll of enchant armour {unknown}
 r - a scroll of enchant weapon {unknown}
Comestibles
 f - 6 rations
 q - 6 chunks of flesh


   Skills:
 + Level 5.6 Fighting
   Level 1.5 Short Blades
 - Level 4.0 Throwing
 + Level 2.1 Armour
 - Level 1.7 Dodging
 - Level 1.2 Stealth


You had 5 spell levels left.
You didn't know any spells.

Dungeon Overview and Level Annotations

Branches:
Dungeon (3/15)

Altars:
The Shining One


Innate Abilities, Weirdness & Mutations

You cannot be hasted, slowed, berserked, paralysed or teleported.
You can dig through walls and to a lower floor.
Your four strong arms can wield two-handed weapons with a shield.
You have a pair of large antennae on your head. (SInv)


Message History

You are more poisoned.
The adder poisons you! The adder bites you.
* * * LOW HITPOINT WARNING * * *
You closely miss the adder.
* * * LOW HITPOINT WARNING * * *
You feel sick. The adder bites you.
* * * LOW HITPOINT WARNING * * *
The adder barely misses you.
You slash the adder!
The adder is almost dead.
* * * LOW HITPOINT WARNING * * *
You feel sick. The adder barely misses you.
You slash the adder!
You kill the adder!
* * * LOW HITPOINT WARNING * * *
You feel sick. The gnoll misses you.
You hit the gnoll.
The gnoll is heavily wounded.
The gnoll hits you with a flail.
You die...

#.......##..#.#.###..####...
#.####.g##..#†#........ #..†
##..##..#.#####.. .##...
............$....# ...#.
..$.##......####.####.##
.(......g######........##
..(......{## #..........
......#####g# #.......)## ..
#@## #........# ###
#........##
...######........##
.................##
...###.#........##
#.#........## #.#........#
#.###.#######..# #...[)# .>#


You could see a gnoll.

Vanquished Creatures
  An iguana (D:2)
  Terence (D:2)
  An orc wizard (D:3)
  A gnoll (D:3)
  7 adders
  A worm (D:3)
  A dart slug (D:1)
  A leopard gecko (D:3)
  5 orcs (D:3)
  A ball python (D:1)
  3 bats
  4 giant cockroaches
  6 goblins
  9 hobgoblins
  3 quokkas (D:3)
  3 frilled lizards
  5 kobolds
  5 rats
58 creatures vanquished.

Notes
Turn   | Place    | Note
-------+----------+-------------------------------------------
     0 | D:1      | grindst0ne the Formicid Hunter began the quest for the Orb.
     0 | D:1      | Reached XP level 1. HP: 16/16 MP: 1/1
    65 | D:1      | Reached XP level 2. HP: 23/23 MP: 2/2
   111 | D:1      | Reached skill level 3 in Fighting
   212 | D:1      | Reached XP level 3. HP: 22/29 MP: 3/3
   287 | D:1      | Found a glowing golden altar of the Shining One.
   314 | D:1      | Became a worshipper of the Shining One
   678 | D:2      | Reached skill level 4 in Fighting
   731 | D:2      | Reached XP level 4. HP: 12/38 MP: 4/4
  1049 | D:2      | Reached skill level 5 in Fighting
  1422 | D:2      | Noticed Terence
  1429 | D:2      | Killed Terence
  1429 | D:2      | Reached XP level 5. HP: 44/44 MP: 5/5
  1653 | D:3      | Reached skill level 1 in Armour
  1675 | D:3      | Reached skill level 1 in Short Blades
  2049 | D:3      | Reached XP level 6. HP: 32/51 MP: 6/6
  2278 | D:3      | Slain by a gnoll

Skill      XL: |  1  2  3  4  5  6 |
---------------+-------------------+-----
Fighting       | 3 4 5 |  5.6
Armour         | 1 2 |  2.1
Short Blades   | 1 |  1.5
Throwing       | |  4.0
Dodging        | |  1.7
Stealth        | |  1.2

Action                   |  1- 3 |  4- 6 || total
-------------------------+-------+-------++-------
Melee: Short sword       |    30 |     1 ||    31
       Mace              |    15 |       ||    15
       Hand axe          |       |   103 ||   103
Throw: Javelin           |    19 |    18 ||    37
       Throwing net      |       |     2 ||     2
 Abil: Dig               |     1 |     4 ||     5
  Use: Potion            |       |     4 ||     4
 Stab: Sleeping          |     1 |       ||     1
  Eat: Chunk             |       |     5 ||     5
Armor: Leather armour    |    20 |    22 ||    42
Dodge: Dodged            |    33 |    80 ||   113
